 Dungeon Crawl Stone Soup version 0.29-a0-275-g389c0b56f3 (webtiles) character file.

Game seed: 6872846708197548370

121 Ordine the Slasher (level 5, -2/32 HPs)
             Began as a Tengu Warper on Mar 10, 2022.
             Slain by an adder (3 damage)
             ... on level 3 of the Dungeon.
             The game lasted 00:04:05 (2991 turns).

Ordine the Slasher (Tengu Warper)                   Turns: 2991, Time: 00:04:05

Health: -2/32      AC:  3    Str: 11    XL:     5   Next: 5%
Magic:  9/9        EV: 14    Int: 14    God:
Gold:   49         SH:  0    Dex: 15    Spells: 6/8 levels left

rFire   . . .      SeeInvis .   a - +0 falchion
rCold   . . .      Faith    .   (no shield)
rNeg    . . .      Spirit   .   b - +0 leather armour
rPois   .          Reflect  .   (helmet restricted)
rElec   .          Harm     .   (no cloak)
rCorr   .          Rampage  .   (no gloves)
Will    .....                   (boots unavailable)
Stlth   +.........              (no amulet)
HPRegen 0.10/turn               (no ring)
MPRegen 0.11/turn               (no ring)

@: lethally poisoned (-2 -> -5), flying quickly and evasively, quick
A: beak, talons 3, nimble flight
a: no special abilities


You were on level 3 of the Dungeon.
You visited 1 branch of the dungeon, and saw 3 of its levels.

You collected 49 gold pieces.

Inventory:

Hand Weapons
 a - a +0 falchion (weapon)
Missiles
 d - 6 boomerangs of dispersal
 h - 2 poisoned darts
 l - 5 boomerangs (quivered)
Armour
 b - a +0 leather armour (worn)
Jewellery
 e - an amulet of faith
Scrolls
 c - 2 scrolls of blinking
 f - a scroll of enchant armour {unknown}
 j - 2 scrolls of enchant weapon {unknown}
 m - 3 scrolls of identify {unknown}
Potions
 g - a potion of heal wounds {unknown}
 i - a potion of might {unknown}
 k - 2 potions of magic {unknown}
 n - a potion of curing {unknown}


   Skills:
 + Level 2.9 Fighting
 * Level 4.2 Long Blades
 + Level 2.3 Throwing
 - Level 1.1 Armour
 - Level 2.1 Dodging
 - Level 2.0 Spellcasting
 - Level 2.4 Translocations


You had 6 spell levels left.
You knew the following spells:

 Your Spells              Type           Power      Damage    Failure   Level
a - Blink                 Tloc           16%        N/A       19%         2

Your spell library contained the following spells:

 Spells                   Type           Power      Damage    Failure   Level
 Gell's Gravitas          Tloc           8%         N/A       34%         3
 Lesser Beckoning         Tloc           8%         N/A       34%         3
 Teleport Other           Tloc           8%         N/A       34%         3
 Manifold Assault         Tloc           8%         N/A       97%         5


Dungeon Overview and Level Annotations

Branches:
Dungeon (3/15)

Altars:


Innate Abilities, Weirdness & Mutations

You have a beak for a mouth.
You have claws for feet.
Your magical nature lets you fly swiftly and evasively.


Message History

The adder bites you.
You are poisoned.
The adder poisons you!
You slash the adder! Your kick misses the adder.
The adder is almost dead.
You feel sick. The adder bites you.
You are more poisoned.
The adder poisons you!
You are too injured to fight recklessly!
You are too injured to fight recklessly!
You are too injured to fight recklessly!
You are too injured to fight recklessly!
You are too injured to fight recklessly!
You are too injured to fight recklessly!
You are too injured to fight recklessly!
You are too injured to fight recklessly!
Throw: 5 boomerangs
Press: ? - help, Q - select action, (/) - cycle Shift-Dir - straight line, f - adder
Aim: an adder (almost dead, 42% to hit)
You throw a boomerang. The boomerang closely misses the adder.
* * * LOW HITPOINT WARNING * * *
You feel very sick. The adder barely misses you. The adder closely misses you.
Unknown command.
You hit the adder but do no damage.
The adder is almost dead.
You feel sick. The adder misses you.
You barely miss the adder.
The adder is almost dead.
* * * LOW HITPOINT WARNING * * *
You feel sick. The adder misses you. x2
You barely miss the adder.
The adder is almost dead.
You feel sick. The adder bites you.
* * * LOW HITPOINT WARNING * * *
You miss the adder.
The adder is almost dead.
* * * LOW HITPOINT WARNING * * *
You feel sick. The adder bites you.
You die...

########
#..<@S.#
#......#
#>.....#
#......#
########


You could see an adder.

Vanquished Creatures
  5 adders (D:2)
  A gnoll (D:2)
  2 worms (D:2)
  4 dart slugs
  2 bats
  3 endoplasms
  4 giant cockroaches
  4 goblins
  7 hobgoblins
  A jackal (D:2)
  3 kobolds
  4 quokkas (D:2)
  4 ball pythons
  3 frilled lizards
  7 rats
54 creatures vanquished.

Notes
Turn   | Place    | Note
-------+----------+-------------------------------------------
     0 | D:1      | Ordine the Tengu Warper began the quest for the Orb.
     0 | D:1      | Reached XP level 1. HP: 12/12 MP: 4/4
   150 | D:1      | Reached XP level 2. HP: 17/17 MP: 6/6
   170 | D:1      | Learned a level 2 spell: Blink
   536 | D:1      | Reached skill level 3 in Long Blades
   599 | D:1      | You fall into a shaft and drop 1 floor!
   695 | D:2      | Reached XP level 3. HP: 14/22 MP: 7/7
  1887 | D:2      | Reached XP level 4. HP: 21/27 MP: 8/8
  2179 | D:2      | Reached skill level 4 in Long Blades
  2445 | D:2      | Gained mutation: Your magical nature lets you fly swiftly
                  | and evasively. [Tengu growth]
  2445 | D:2      | Reached XP level 5. HP: 11/32 MP: 9/9
  2991 | D:3      | HP: 1/32 [poisoned by an adder]
  2991 | D:3      | Slain by an adder

Illustrated notes

Levels and vault maps discovered:
D:1:      dpeg_arrival_arbitrary_a, layout_basic, serial_forest,
          infiniplex_forest_lined_3, infiniplex_forest_diagonal,
          infiniplex_forest_clump_curved, infiniplex_forest_clump_small,
          infiniplex_forest_join, infiniplex_forest_clump_double,
          infiniplex_forest_clump_cross, infiniplex_forest_end_2
D:2:      layout_basic, st_stairs_12, minmay_cut_off
D:3:      minmay_razor_zed, layout_rooms, mainiacjoe_overflow_two_lobes,
          shapermc_ecumenical_altar_totnotflames, minmay_goblin_outpost

Skill      XL: |  1  2  3  4 |
---------------+-------------+-----
Long Blades    | 3 4 |  4.2
Throwing       | 2 |  2.3
Fighting       | |  2.9
Armour         | |  1.1
Dodging        | |  2.1
Spellcasting   | |  2.0
Translocations | |  2.4

Action                   |  1- 3 |  4- 6 || total
-------------------------+-------+-------++-------
Melee: Falchion          |    74 |    56 ||   130
       Kick              |    16 |    15 ||    31
       Peck              |     8 |     9 ||    17
       Punch             |       |     1 ||     1
Throw: Dart              |       |     6 ||     6
       Boomerang         |       |     2 ||     2
 Stab: Sleeping          |     1 |       ||     1
Armor: Leather armour    |    10 |    11 ||    21
Dodge: Dodged            |    47 |    33 ||    80

Table legend: (Time is in decaauts)
 A = Elapsed time spent in this place.
 B = Non-inter-level travel time spent in this place.
 C = Inter-level travel time spent in this place.
 D = Time resting spent in this place.
 E = Time spent auto-exploring this place.
 F = Levels seen in this place.
 G = Mean time per level.
                   A        B        C        D        E       F      G
               +--------+--------+--------+--------+--------+-----+--------+
         Total |   2976 |   2939 |     37 |      0 |   2582 |   3 |  992.0 |
       Dungeon |   2976 |   2939 |     37 |      0 |   2582 |   3 |  992.0 |
               +--------+--------+--------+--------+--------+-----+--------+

Top non-repeatable levels by time:
     D:2: 1509 daAuts
     D:1: 1453 daAuts
     D:3: 13 daAuts
